 Dungeon Crawl Stone Soup version 0.22-a0-409-gb855193 (webtiles) character file.

10 4thArraOfDagon the Firebug (level 2, -1/17 HPs)
             Began as an Octopode Fire Elementalist on May 10, 2018.
             Slain by a kobold
             ... wielding a +0 short sword
              (6 damage)
             ... on level 2 of the Dungeon.
             The game lasted 00:00:56 (211 turns).

4thArraOfDagon the Firebug (OpFE)                    Turns: 211, Time: 00:00:56

Health: -1/17      AC:  1    Str:  7    XL:     2   Next: 20%
Magic:  0/5        EV: 13    Int: 17    God:
Gold:   18         SH:  0    Dex: 12    Spells: 4/5 levels left

rFire    . . .     SeeInvis .   (no weapon)
rCold    . . .     Gourm    .   (no shield)
rNeg     . . .     Faith    .   (helmet restricted)
rPois    .         Spirit   .   (no amulet)
rElec    .         Reflect  .   (no ring)
rCorr    .         Harm     .   (no ring)
MR       .....                  (no ring)
Stlth    +++.......             (no ring)
HPRegen  0.05/turn              (no ring)
MPRegen  0.09/turn              (no ring)
                                (no ring)
                                (no ring)

@: no status effects
A: almost no armour, stealthy swim, amphibious, 8 rings, constrict 8, camouflage
1, gelatinous body 1
a: no special abilities


You were on level 2 of the Dungeon.
You were not hungry.

You visited 1 branch of the dungeon, and saw 2 of its levels.

You collected 18 gold pieces.

Inventory:

Scrolls
 a - a scroll of teleportation {unknown}
 c - a scroll of enchant armour {unknown}
 d - a scroll of identify {unknown}
Comestibles
 b - 3 rations


   Skills:
 - Level 2.0 Dodging
 - Level 2.6 Stealth
 + Level 2.1 Spellcasting
 * Level 1.5 Conjurations
 * Level 3.2 Fire Magic


You had 4 spell levels left.
You knew the following spells:

 Your Spells              Type           Power        Failure   Level  Hunger
a - Flame Tongue          Conj/Fire      #....        7%          1    #......


Dungeon Overview and Level Annotations

Branches:
Dungeon (2/15)

Altars:


Innate Abilities, Weirdness & Mutations

You cannot wear most types of armour.
You are very stealthy in the water. (Stealth+)
You are amphibious.
You can wear up to eight rings at the same time.
You can use your tentacles to constrict eight enemies at once.
Your skin changes colour to match your surroundings (Stealth+).
Your rubbery body absorbs attacks. (AC +1, EV +1)


Message History

Found a scroll labeled COAGOCKIUNG.
Casting: Flame Tongue (safe; 8% risk of failure)
Confirm with . or Enter, or press ? or * to list all spells.
Aiming: Flame Tongue (safe; 8% risk of failure)
Press: ? - help, Shift-Dir - straight line, f/p - hobgoblin
Aim: a hobgoblin, wielding a club (heavily wounded)
The flame tongue hits the hobgoblin.
You kill the hobgoblin!
d - a scroll labeled NUOPSA PAUH
Things that are here:
a club; a hobgoblin corpse A frilled lizard comes into view.
Casting: Flame Tongue (safe; 7% risk of failure)
Confirm with . or Enter, or press ? or * to list all spells.
You don't have enough magic to cast that spell.
Unknown command.
A kobold comes into view. It is wielding a short sword.
The frilled lizard hisses angrily.
The kobold shouts!
The kobold hits you with a short sword.
You die...

###...#.##
#.# #...?##
#.# ##.###
#.#
######.#
#.#
#..)...#
#.#
#.######
#.#
.#######.#
#.#
....$.K#.##
#.#
#.....l@..#
#.#
..........#
#.#
#.####?#..#
#######.#
#.#....
.......<#
#.#.####
#########
#.#.# ..#.#
## .#


You could see a kobold and a frilled lizard.

Vanquished Creatures
  A hobgoblin (D:2)
  4 jackals (D:2)
  2 bats (D:2)
  2 kobolds (D:2)
9 creatures vanquished.

Notes
Turn   | Place    | Note
-------+----------+-------------------------------------------
     0 | D:1      | 4thArraOfDagon the Octopode Fire Elementalist began the quest for the Orb.
     0 | D:1      | Reached XP level 1. HP: 11/11 MP: 3/3
   157 | D:2      | Reached XP level 2. HP: 8/17 MP: 1/5
   211 | D:2      | Slain by a kobold

Vault maps used:
D:1:      dpeg_arrival_rooms_b, nemelex_diamond_rough_becter
D:2:      old_standard_altar, minmay_tromino_i2, uniq_crazy_yiuf_cottage,
          uniq_jessica, uniq_sigmund, uniq_robin

Action                   || total
-------------------------++-------
Melee: Unarmed           ||    19
       Tentacles         ||     5
       Constrict         ||     4
 Cast: Flame Tongue      ||     7
Armor: Skin              ||     2
Dodge: Dodged            ||    18

Table legend:
 A = Spawn XP
 B = Non-spawn XP
 C = Spawn XP percentage of total XP
 D = Spawn monster count
 E = Non-spawn monster count
 F = Spawn count percentage of total count
 G = Total turns spent on level
                    A         B        C        D         E        F      G
               +---------+---------+-------+---------+---------+-------+---------
         Total |       0 |      15 |   0.0 |       0 |       9 |   0.0 |   211
               +---------+---------+-------+---------+---------+-------+---------
           D:2 |       0 |      15 |   0.0 |       0 |       9 |   0.0 |   111
               +---------+---------+-------+---------+---------+-------+---------
